 Dungeon Crawl Stone Soup version 0.21-a0-329-g12f17e1 (webtiles) character file.

32 vishdafish the Charmwright (level 3, 18/27 HPs)
             Began as a Demonspawn Skald on Oct 1, 2017.
             Quit the game on level 2 of the Dungeon.
             The game lasted 00:02:00 (1425 turns).

vishdafish the Charmwright (Demonspawn Skald)       Turns: 1425, Time: 00:02:01

Health: 18/27      AC:  3    Str: 11    XL:     3   Next: 8%
Magic:  6/6        EV: 12    Int: 15    God:
Gold:   97         SH:  0    Dex: 12    Spells: 5/6 levels left

rFire    . . .     SeeInvis .   a - +0 spear
rCold    . . .     Gourm    +   (no shield)
rNeg     . . .     Faith    .   b - +0 leather armour
rPois    .         Spirit   .   (no helmet)
rElec    .         Reflect  .   (no cloak)
rCorr    .         Harm     .   (no gloves)
MR       .....                  (no boots)
Stlth    +.........             m - amulet of the gourmand
HPRegen  0.09/turn              (no ring)
MPRegen  0.10/turn              (no ring)

@: no status effects
A: demonic guardian 1
a: no special abilities


You were on level 2 of the Dungeon.
You were hungry.

You visited 1 branch of the dungeon, and saw 2 of its levels.

You collected 97 gold pieces.

Inventory:

Hand Weapons
 a - a +0 spear (weapon)
Armour
 b - a +0 leather armour (worn)
Jewellery
 m - an amulet of the gourmand (around neck)
Scrolls
 g - a scroll of remove curse {unknown}
 h - a scroll of enchant armour {unknown}
 k - a scroll of identify {unknown}
 l - a scroll of teleportation {unknown}
 n - a scroll of fog {unknown}
 o - a scroll of recharging {unknown}
Potions
 e - a potion of agility {unknown}
 f - a potion of brilliance {unknown}
 i - a potion of resistance {unknown}
 j - 2 potions of curing {unknown}
Books
 c - a book of Battle

   Spells                             Type                      Level
   a - Infusion                       Charms                       1
   b - Shroud of Golubria             Charms/Translocation         2
   c - Song of Slaying                Charms                       2
   d - Spectral Weapon                Hexes/Charms                 3
   e - Regeneration                   Charms/Necromancy            3
Comestibles
 d - 2 bread rations


   Skills:
 - Level 2.2 Fighting
 * Level 2.3 Polearms
 * Level 1.1 Armour
 - Level 2.0 Dodging
 - Level 2.1 Spellcasting
 - Level 3.0 Charms


You had 5 spell levels left.
You knew the following spells:

 Your Spells              Type           Power        Failure   Level  Hunger
a - Infusion              Chrm           ##..         9%          1    #......


Dungeon Overview and Level Annotations

Branches:
Dungeon (2/15)

Altars:


Innate Abilities, Weirdness & Mutations

A weak demonic guardian rushes to your aid.


Message History

You reach to attack!
You hit the kobold but do no damage. You hit the kobold.
You kill the kobold!
No target in view!
No target in view!
No target in view!
No target in view!
No target in view!
No target in view!
No target in view!
No target in view!
You see here a kobold corpse.
Found a short sword.
No target in view!
A goblin comes into view. It is wielding a club.
The goblin shouts!
The goblin unwields an uncursed club.
The goblin wields a hunting sling.
The goblin shoots a stone.
The stone hits you.
You see here a stone.
Are you sure you want to abandon this character and quit the game? (Confirm with "yes".)

.#
#.##..##.##.##.#.#
.#
#........##.##.#.#
.#
#.##.###.##.##.#.#
.# ...##.#
#.##.##.#.#
######.#
#.........# #.#
#.#####.###
####.###.#####.#
...............#
.......@.#######
##..)..### #.##..
#.. #g# #. #. #.


You could see a goblin.

Vanquished Creatures
  A worm (D:2)
  A dart slug (D:2)
  3 leopard geckos (D:2)
  2 bats (D:1)
  2 giant cockroaches (D:1)
  6 goblins
  3 hobgoblins (D:1)
  2 kobolds
  A rat (D:1)
21 creatures vanquished.

Notes
Turn   | Place    | Note
-------+----------+-------------------------------------------
     0 | D:1      | vishdafish the Demonspawn Skald began the quest for the Orb.
     0 | D:1      | Reached XP level 1. HP: 16/16 MP: 3/3
   169 | D:1      | Gained mutation: A weak demonic guardian rushes to your aid. [demonic ancestry]
   169 | D:1      | Reached XP level 2. HP: 6/22 MP: 5/5
   182 | D:1      | Reached skill level 3 in Charms
   502 | D:1      | Reached skill level 1 in Armour
  1357 | D:2      | Reached XP level 3. HP: 26/27 MP: 6/6
  1425 | D:2      | Quit the game

Vault maps used:
D:1:      nicolae_arrival_washed_ashore
D:2:      minmay_overflow_temple_hex, first_bread, grunt_ministairs_7

Skill      XL: |  1  2 |
---------------+-------+-----
Charms         | 3 |  3.0
Armour         | 1 |  1.1
Polearms       | 2 |  2.3
Dodging        | 2 |  2.0
Fighting       | |  2.2
Spellcasting   | |  2.1

Action                   || total
-------------------------++-------
Melee: Spear             ||    89
 Cast: Infusion          ||     5
  Eat: Chunk             ||     1
Armor: Leather armour    ||    17
Dodge: Dodged            ||    45

Table legend:
 A = Spawn XP
 B = Non-spawn XP
 C = Spawn XP percentage of total XP
 D = Spawn monster count
 E = Non-spawn monster count
 F = Spawn count percentage of total count
 G = Total turns spent on level
                    A         B        C        D         E        F      G
               +---------+---------+-------+---------+---------+-------+---------
         Total |       0 |      46 |   0.0 |       0 |      21 |   0.0 |  1425
               +---------+---------+-------+---------+---------+-------+---------
           D:1 |       0 |      26 |   0.0 |       0 |      14 |   0.0 |  1229
           D:2 |       0 |      20 |   0.0 |       0 |       7 |   0.0 |   196
               +---------+---------+-------+---------+---------+-------+---------
